 Dungeon Crawl Stone Soup version 0.28.0-43-g3370ac3207 (webtiles) character file.

Game seed: 1226189703942354355

13363 Eitelfritz the Basher (level 11, -4/97 HPs)
             Began as a Minotaur Gladiator on Mar 13, 2022.
             Was a High Priest of Okawaru.
             Shot with an arrow by a centaur warrior (13 damage)
             ... summoned by a boggart
             ... on level 13 of the Dungeon.
             The game lasted 00:32:14 (12897 turns).

Eitelfritz the Basher (Minotaur Gladiator)         Turns: 12897, Time: 00:32:14

Health: -4/97      AC: 13    Str: 21    XL:     11   Next: 74%
Magic:  14/14      EV: 14    Int: 13    God:    Okawaru [*****.]
Gold:   511        SH:  5    Dex: 12    Spells: 10/10 levels left

rFire   + . .      SeeInvis .   a - +4 flail (freeze)
rCold   + . .      Faith    .   (no shield)
rNeg    . . .      Spirit   .   H - +0 troll leather armour
rPois   .          Reflect  +   c - +2 hat
rElec   .          Harm     .   h - +2 cloak
rCorr   .          Rampage  .   (no gloves)
Will    .....                   P - +1 pair of boots
Stlth   ++........              q - amulet of reflection
HPRegen 1.06/turn               u - ring of Vanity {rC+ Int+6}
MPRegen 0.14/turn               t - ring of protection from fire

@: hasted, very quick
A: horns 2, retaliatory headbutt
a: Renounce Religion, Heroism, Finesse, Duel


You were on level 13 of the Dungeon.
You worshipped Okawaru.
Okawaru was extremely pleased with you.
You visited 2 branches of the dungeon, and saw 14 of its levels.

You collected 600 gold pieces.
You spent 89 gold pieces at shops.

Inventory:

Hand Weapons
 a - a +4 flail of freezing (weapon)
 b - a +3 vorpal shortbow
 j - a +1 flail of protection
 A - a +0 vampiric flail
 B - a +1 scimitar of flaming
 T - a +2 shortbow of flaming
Missiles
 d - 4 throwing nets (quivered)
 g - 3 curare-tipped darts
 o - 42 poisoned darts
 E - 229 arrows
 R - 4 javelins
Armour
 c - a +2 hat (worn)
 h - a +2 cloak (worn)
 l - a +0 scale mail
 z - a +1 ring mail of fire resistance
 H - a +0 troll leather armour (worn)
 L - the +1 ring mail of Tefir {rElec rCorr Int-5}
   (You found it on level 10 of the Dungeon)

   Int:       It affects your intelligence (-5).
   rElec:     It insulates you from electricity.
   rCorr:     It protects you from acid and corrosion.
 P - a +1 pair of boots (worn)
Jewellery
 k - a ring of fire
 q - an amulet of reflection (around neck)
 t - a ring of protection from fire (right hand)
 u - the ring of Vanity (left hand) {rC+ Int+6}
   (You found it on level 5 of the Dungeon)

   [ring of intelligence]

   Int:       It affects your intelligence (+6).
   rC:        It protects you from cold.
 y - an amulet of regeneration
 G - a +6 ring of intelligence
Wands
 s - a wand of iceblast (14)
 w - a wand of paralysis (6)
 J - a wand of digging (3)
Scrolls
 f - 2 scrolls of enchant armour
 n - 4 scrolls of blinking
 C - a scroll of holy word
 D - 3 scrolls of teleportation
 F - a scroll of identify
 I - a scroll of amnesia
 K - 2 scrolls of magic mapping
 M - a scroll of enchant weapon
 O - a scroll of fear
Potions
 e - a potion of lignification
 i - 8 potions of curing
 m - 6 potions of mutation
 p - 3 potions of brilliance
 r - 2 potions of attraction
 N - 3 potions of berserk rage
 Q - a potion of invisibility


   Skills:
 + Level 9.6 Fighting
 + Level 13.2 Maces & Flails
 + Level 6.5 Bows
 + Level 2.5 Throwing
 + Level 8.6 Armour
 + Level 7.2 Dodging
 + Level 2.4 Stealth
 + Level 4.7 Shields
 + Level 6.1 Invocations


You had 10 spell levels left.
You didn't know any spells.
Your spell library contained the following spells:

 Spells                   Type           Power      Damage    Failure   Level
 Beastly Appendage        Tmut           0%         N/A       34%         1
 Slow                     Hex            0%         N/A       34%         1
 Scorch                   Fire           0%         2d5       45%         2
 Static Discharge         Conj/Air       0%         N/A       45%         2
 Wereblood                Tmut           0%         N/A       45%         2
 Confusing Touch          Hex            0%         N/A       71%         3
 Frozen Ramparts          Ice            0%         1d2       71%         3
 Spider Form              Tmut/Pois      0%         N/A       71%         3
 Vampiric Draining        Necr           0%         2d6       71%         3
 Dispel Undead            Necr           0%         3d6       98%         4
 Flame Wave               Conj/Fire      0%         2d4       98%         4
 Passage of Golubria      Tloc           0%         N/A       98%         4
 Sticky Flame             Conj/Fire      0%         2d3       98%         4
 Yara's Violent Unravell  Hex/Tmut       0%         3d3       100%        5
 Ozocubu's Refrigeration  Ice            0%         4d5       100%        7
 Tukima's Dance           Hex            Unusable   N/A       N/A         3
 Summon Cactus Giant      Summ           Unusable   N/A       N/A         6

Dungeon Overview and Level Annotations

Branches:
Dungeon (13/15)            Temple (1/1) D:7            Lair (0/6) D:9
    Orc (0/2) D:12
 Vaults: D:13-14

Altars:
Ashenzari
Cheibriados
Dithmenos
Elyvilon
Fedhas
Gozag
Hepliaklqana
Kikubaaqudgha
Makhleb
Nemelex Xobeh
Okawaru
Qazlal
Ru
Sif Muna
Trog
Uskayaw
Vehumet
Wu Jian
Xom
Yredelemnul
Zin
The Shining One

Shops:
D:3 *   D:5 *   D:10 =


Innate Abilities, Weirdness & Mutations

You have a pair of horns on your head.
You reflexively headbutt those who attack you in melee.


Message History

The boggart flickers and vanishes!
Deactivating autopickup; reactivate with Ctrl-A.
You bludgeon the white ugly thing!!
The white ugly thing is moderately wounded.
The white ugly thing punches you but does no damage.
You thump the white ugly thing! You freeze the white ugly thing.
Your headbutt misses the white ugly thing.
The white ugly thing is heavily wounded.
You block the white ugly thing's attack.
You thump the white ugly thing! You freeze the white ugly thing.
The white ugly thing is severely wounded.
You barely miss the white ugly thing.
The white ugly thing is severely wounded.
The white ugly thing punches you but does no damage.
You hit the white ugly thing. You headbutt the white ugly thing!
The white ugly thing is almost dead.
The white ugly thing punches you but does no damage.
You bludgeon the white ugly thing!! You freeze the white ugly thing.
You kill the white ugly thing!
The white ugly thing's corpse dissolves into shadows!
The centaur warrior wields a +0 longbow.
The centaur warrior shoots an arrow.
You reflect the arrow off an invisible shield around you!
The arrow hits the centaur warrior!!
The centaur warrior shoots an arrow. x2; The arrow barely misses you.
You hear some strange, mumbled words.
You hear a shout!
You feel like a meek peon again.
The slime creature quivers.
The centaur warrior shoots an arrow.
You reflect the arrow off an invisible shield around you!
The arrow hits the centaur warrior!
The centaur warrior shoots an arrow.
The arrow hits you!
The centaur warrior shoots an arrow.
The arrow hits you.
The centaur warrior shoots an arrow.
The arrow hits you!
The centaur warrior shoots an arrow.
The arrow hits you!!
* * * LOW HITPOINT WARNING * * *
Unknown command.
You feel yourself speed up.
The centaur warrior shoots an arrow.
The arrow hits you!
You die...

#########.# ######.#
#.#######
#...DcT#########.......#
#.####9.....)....#####.#
#.# ############# #.# #9#
##≈≈≈≈≈≈≈≈≈≈≈###.# #.#
#≈≈≈≈J≈≈≈≈≈≈≈≈##.## #c#
##################..#
#.###...Dc.....@......#.#
#D##..###############.#.#
#.##.## #.#.# #.#..#
#.#.# #.c.## #...# #####
#####


You could see an eight-headed hydra (summoned) and a centaur warrior (summoned).

Vanquished Creatures
  A boulder beetle (D:9)
  Harold (D:9)
  A two-headed ogre (D:11)
  A cyclops (D:12)
  A manticore (D:11)
  Psyche (D:8)
  2 komodo dragons
  A troll (D:9)
  A hornet (D:8)
  Sigmund (D:2)
  18 yaks
  3 wraiths
  7 vampire mosquitoes
  A redback simulacrum (D:9)
  4 wargs (D:12)
  Edmund (D:4)
  A water moccasin (D:7)
  A sky beast (D:7)
  4 orc warriors
  2 black bears
  3 boggarts (D:13)
  5 centaurs
  An ogre (D:5)
  A phantom (D:5)
  3 kobold brigands
  2 bullfrogs (D:9)
  3 scorpions
  6 killer bees (D:9)
  6 howler monkeys
  18 wights
  A jelly (D:4)
  6 orc priests
  2 hounds
  3 centaur zombies
  Crazy Yiuf (D:2)
  3 iguanas
  18 orc wizards
  A centaur skeleton (D:4)
  Terence (D:2)
  Ijyb (D:4)
  Natasha (thrice) (D:2)
  A hound skeleton (D:4)
  A gnoll (D:5)
  9 adders
  4 white imps
  An ufetubus (D:5)
  3 worms
  2 dart slugs
  48 orcs
  5 ball pythons (D:1)
  5 bats
  10 endoplasms
  A giant cockroach (D:2)
  7 hobgoblins
  26 kobolds
  4 quokkas
  2 frilled lizards
  9 goblins
  A rat (D:3)
280 creatures vanquished.

Vanquished Creatures (others)
  An unseen horror (D:11)
  An orc (D:8)
  2 fungi (D:9)
  2 plants (D:9)
6 creatures vanquished.

Grand Total: 286 creatures vanquished

Notes
Turn   | Place    | Note
-------+----------+-------------------------------------------
     0 | D:1      | Eitelfritz the Minotaur Gladiator began the quest for the
                  | Orb.
     0 | D:1      | Reached XP level 1. HP: 18/18 MP: 0/0
   172 | D:1      | Reached XP level 2. HP: 25/25 MP: 1/1
   202 | D:1      | Reached skill level 4 in Maces & Flails
   642 | D:1      | Reached XP level 3. HP: 28/31 MP: 2/2
  1054 | D:2      | Reached skill level 1 in Armour
  1278 | D:2      | Noticed Natasha
  1281 | D:2      | Killed Natasha
  1282 | D:2      | Reached XP level 4. HP: 38/38 MP: 3/3
  1418 | D:2      | Noticed Terence
  1429 | D:2      | Killed Terence
  1430 | D:2      | Reached skill level 5 in Maces & Flails
  1479 | D:2      | Noticed Natasha
  1704 | D:2      | Noticed Sigmund
  1824 | D:3      | Reached XP level 5. HP: 42/45 MP: 4/4
  2199 | D:3      | Noticed an eye of devastation
  2200 | D:3      | Found a faded altar of an unknown god.
  2206 | D:3      | Noticed a golden eye
  2211 | D:3      | Noticed a floating eye
  2211 | D:3      | Noticed a great orb of eyes
  2550 | D:3      | Found Xes Xoh's Assorted Antiques.
  2560 | D:3      | Bought a smoky puce potion for 17 gold pieces
  2560 | D:3      | Bought a cyan potion for 17 gold pieces
  2560 | D:3      | Bought a puce potion for 17 gold pieces
  2560 | D:3      | Bought a scroll labelled JIWATI WIVIESUIL for 19 gold
                  | pieces
  2560 | D:3      | Bought a scroll labelled FIOSALUOGAJ for 19 gold pieces
  2988 | D:2      | Killed Natasha
  2993 | D:2      | Killed Sigmund
  2994 | D:2      | Reached skill level 6 in Maces & Flails
  2994 | D:2      | Reached XP level 6. HP: 29/52 MP: 5/5
  3019 | D:2      | Noticed Natasha
  3026 | D:2      | Killed Natasha
  3289 | D:2      | Found a runed translucent door.
  3290 | D:2      | Noticed Crazy Yiuf
  3474 | D:2      | Killed Crazy Yiuf
  3647 | D:4      | Reached skill level 7 in Maces & Flails
  3737 | D:4      | Reached XP level 7. HP: 58/59 MP: 6/6
  3996 | D:4      | Noticed Edmund
  4028 | D:4      | Killed Edmund
  4029 | D:4      | Reached skill level 8 in Maces & Flails
  4029 | D:4      | Reached skill level 1 in Shields
  4355 | D:4      | Noticed Ijyb
  4369 | D:4      | Paralysed by Ijyb for 2 turns
  4372 | D:4      | Killed Ijyb
  4568 | D:5      | Entered Level 5 of the Dungeon
  4649 | D:5      | Identified the ring of Vanity {rC+ Int+6}
  4714 | D:5      | Reached skill level 5 in Armour
  4714 | D:5      | Reached XP level 8. HP: 52/67 MP: 7/7
  4947 | D:5      | Found Taimem's General Store.
  4973 | D:5      | Reached skill level 5 in Fighting
  5042 | D:5      | You fall into a shaft and drop 1 floor!
  5052 | D:6      | Got the Guide on the Frostbite
  5296 | D:5      | Found an iron altar of Okawaru.
  5299 | D:5      | Reached skill level 9 in Maces & Flails
  5318 | D:5      | Became a worshipper of Warmaster Okawaru
  5612 | D:6      | Found an ornate altar of the Wu Jian Council.
  5712 | D:6      | Found a burning altar of Makhleb.
  5715 | D:6      | Found a glowing silver altar of Zin.
  5715 | D:6      | Found a blossoming altar of Fedhas.
  5731 | D:6      | Reached skill level 1 in Invocations
  5947 | D:6      | Found a bloodstained altar of Trog.
  5947 | D:6      | Found a shimmering altar of Xom.
  5947 | D:6      | Found a stormy altar of Qazlal.
  6024 | D:6      | Reached skill level 1 in Stealth
  6425 | D:7      | Reached * piety under Okawaru
  6431 | D:7      | Reached skill level 1 in Bows
  6669 | D:7      | Reached XP level 9. HP: 72/75 MP: 9/9
  6984 | D:7      | Reached skill level 10 in Maces & Flails
  7373 | D:7      | Reached ** piety under Okawaru
  7444 | D:7      | Found a staircase to the Ecumenical Temple.
  7756 | D:7      | Found a sacrificial altar of Ru.
  7758 | D:7      | Found a glowing golden altar of the Shining One.
  7871 | Temple   | Entered the Ecumenical Temple
  8222 | D:8      | Paralysed by a hornet for 3 turns
  8510 | D:8      | Noticed a death knight
  8803 | D:8      | Noticed Psyche
  8811 | D:8      | Killed Psyche
  8812 | D:8      | Reached skill level 5 in Dodging
  9515 | D:9      | Reached *** piety under Okawaru
  9599 | D:9      | Reached XP level 10. HP: 82/86 MP: 12/12
 10015 | D:9      | Reached skill level 11 in Maces & Flails
 10122 | D:9      | Noticed Harold
 10139 | D:9      | Killed Harold
 10187 | D:9      | Found a shadowy altar of Dithmenos.
 10198 | D:9      | Reached skill level 5 in Invocations
 10299 | D:9      | Noticed a boulder beetle
 10317 | D:9      | Reached **** piety under Okawaru
 10399 | D:9      | Found a staircase to the Lair.
 10515 | D:9      | Killed a boulder beetle
 10956 | D:10     | Entered Level 10 of the Dungeon
 11023 | D:10     | Reached skill level 12 in Maces & Flails
 11146 | D:10     | Found Wut Loileo's Jewellery Boutique.
 11218 | D:10     | Reached XP level 11. HP: 90/95 MP: 14/14
 11331 | D:10     | Identified the +1 ring mail of Tefir {rElec rCorr Int-5}
 11684 | D:11     | Reached ***** piety under Okawaru
 11754 | D:11     | Noticed a two-headed ogre
 11764 | D:11     | Killed a two-headed ogre
 11819 | D:11     | Received a gift from Okawaru
 12364 | D:12     | Received a gift from Okawaru
 12365 | D:12     | Reached skill level 5 in Bows
 12388 | D:12     | Reached skill level 13 in Maces & Flails
 12409 | D:12     | Found a staircase to the Orcish Mines.
 12566 | D:12     | Received a gift from Okawaru
 12826 | D:13     | Noticed a green ugly thing
 12828 | D:13     | Noticed a centaur warrior
 12829 | D:13     | Noticed a centaur warrior
 12832 | D:13     | Noticed a white ugly thing
 12835 | D:13     | Noticed a four-headed hydra
 12864 | D:13     | Noticed a centaur warrior
 12872 | D:13     | Noticed an eight-headed hydra
 12897 | D:13     | Shot with an arrow by a centaur warrior

Illustrated notes

Levels and vault maps discovered:
D:1:      psy_arrival_statuary, layout_basic, lemuel_old_faithful
D:2:      layout_basic, uniq_sigmund, uniq_crazy_yiuf_cottage, uniq_natasha,
          uniq_terence
D:3:      layout_basic, hellmonk_ecumenical_altar_watching_god, serial_shops,
          nicolae_shop_waterfront, minmay_misc_feat_diagonals
D:4:      layout_cave_pods, uniq_ijyb, uniq_edmund
D:5:      layout_basic, okawaru_altar_gauntlet_db, serial_shops, shop
D:6:      layout_gridville, mainiacjoe_overflow_alcove_1, doesnt_xom_only_xom
D:7:      layout_rooms, gammafunk_temple_overflow_pools,
          minmay_temple_entry_offerings, serial_corexii_hall,
          chequers_hall_statues_y, chequers_hall_statues_y,
          corexii_hall_statues_i, st_stairs_14
D:8:      layout_basic, kennysheep_just_a_vault, uniq_psyche
D:9:      layout_loops_ring, mainiacjoe_overflow_24_doors, dpeg_oklobed_lair,
          minmay_mirror_moons_of_madness, uniq_harold
D:10:     layout_loops_cross, serial_shops, shop_fountains
D:11:     layout_rooms
D:12:     layout_basic, minmay_orc_entry_guard_dogs
D:13:     layout_basic, serial_aquarium, aquarium_bridge_square
          [aquarium_subvault_bridge, aquarium_subvault_window,
          aquarium_subvault_bridge, aquarium_subvault_bridge],
          aquarium_window_fake, aquarium_window_3, aquarium_window_fake,
          aquarium_window_fake, aquarium_view_2c, aquarium_view_2e,
          aquarium_balcony_double_1, minmay_misc_feat_doors
Temple:   nicolae_temple_x_marks_the_god

Skill      XL: |  1  2  3  4  5  6  7  8  9 10 11 |
---------------+----------------------------------+-----
Maces & Flails | 4 5 6 7 8 9 10 12 13 | 13.2
Fighting       | 3 4 5 7 8 9 |  9.6
Armour         | 1 2 4 5 6 8 |  8.6
Dodging        | 4 5 6 7 |  7.2
Shields        | 1 2 3 4 |  4.7
Invocations    | 2 4 5 6 |  6.1
Stealth        | 1 2 |  2.4
Bows           | 1 2 3 6 |  6.5
Throwing       | |  2.5

Action                   |  1- 3 |  4- 6 |  7- 9 | 10-12 || total
-------------------------+-------+-------+-------+-------++-------
Melee: Flail             |    60 |   120 |   364 |   340 ||   884
       Headbutt          |     3 |    24 |    74 |    76 ||   177
       Punch             |     1 |     2 |     7 |     5 ||    15
 Fire: Shortbow          |       |       |    20 |    63 ||    83
Throw: Throwing net      |       |     2 |       |     1 ||     3
Invok: Heroism           |       |       |     1 |     3 ||     4
  Use: Scroll            |       |    10 |     6 |     9 ||    25
       Potion            |       |     1 |     4 |     3 ||     8
Armor: Leather armour    |     8 |       |       |       ||     8
       Ring mail         |    15 |    30 |    25 |    15 ||    85
       Scale mail        |       |     8 |   129 |       ||   137
       Troll leather arm |       |       |       |    88 ||    88
Dodge: Dodged            |    41 |    84 |   193 |   156 ||   474
Block: Other             |       |     9 |    80 |    50 ||   139
       Reflection        |       |     1 |     9 |     4 ||    14
